Cape Breton Oilers vs Reno Silver Aces
Created - Thursday, August 7, 2025 at 07:45
Goals
|
| Cape Breton Oilers |
0 |
1 |
0 |
1 |
| Reno Silver Aces |
2 |
0 |
2 |
4 |
|
Shots
|
| Cape Breton Oilers |
10 |
16 |
6 |
32 |
| Reno Silver Aces |
10 |
3 |
18 |
31 |
|
1st period
1. Reno Silver Aces , Curtis Lazar 2 (Cole Koepke 2, Patrick Brown 2) at 12:47
2. Reno Silver Aces , Cole Koepke 2 (Curtis Lazar 3) at 12:53
Penalties :
Charles-Alexis Legault (RSA) for Roughing (Minor) at 19:32
2nd period
3. Cape Breton Oilers , Matt Luff 2 (Luke Evangelista 7, Jonny Brodzinski 2) at 7:31
Penalties :
Charles-Alexis Legault (RSA) for Tripping (Minor) at 2:25
3rd period
4. Reno Silver Aces , Vincent Hinostroza 2 (Matt Savoie 1, Tanner Laczynski 2) at 0:16
5. Reno Silver Aces , Patrick Brown 1 (Curtis Lazar 4, Cole Koepke 3) at 3:57
Penalties :
Wyatt Kaiser (CBO) for Tripping (Minor) at 5:45, Nicolas Deslauriers (RSA) for Holding (Minor) at 16:11
Goalie Stats
Damian Clara (CBO), 27 saves from 31 shots - (0.871), L, 1-2-0, 60:00 minutes
Philipp Grubauer (RSA), 31 saves from 32 shots - (0.969), W, 1-1-0, 60:00 minutes
Players Stats for Cape Breton Oilers
Player Name G A P +/- PIM S H SB GA TA FO MP PP MP PK MP
------------------------------------------------------------------------------------
0 0 0 0 0 0 0 0 0 0 0/0 0:00 0:00 0:00
Alexandre Texier 0 0 0 -1 0 4 1 1 1 0 1/3 17:39 3:03 0:00
Brennan Othmann 0 0 0 0 0 0 0 0 0 1 0/0 10:35 0:00 0:00
Carl Grundstrom 0 0 0 -1 0 0 5 0 1 1 0/0 18:40 3:03 1:01
Chase Stillman 0 0 0 0 0 0 1 0 0 0 0/0 10:35 0:00 0:00
Colin White 0 0 0 0 0 2 2 1 0 1 2/6 15:15 0:06 0:00
Dominic Toninato 0 0 0 -1 0 1 1 0 1 3 7/13 18:40 3:03 1:01
Jonny Brodzinski 0 1 1 -2 0 3 1 0 0 0 4/17 15:30 2:48 0:58
Josh Bloom 0 0 0 0 0 0 0 0 0 0 0/0 3:00 0:11 0:00
Kevin Bahl 0 0 0 -3 0 3 0 3 0 4 0/0 24:30 2:54 1:25
Luke Evangelista 0 1 1 -2 0 7 4 0 1 2 1/5 23:23 2:43 0:58
Matt Luff 1 0 1 -2 0 1 0 1 0 0 0/0 14:28 2:48 0:00
Max Jones 0 0 0 0 0 5 0 0 2 1 0/0 15:15 0:06 0:00
Maxim Groshev 0 0 0 0 0 1 1 0 0 0 0/0 14:57 0:00 0:00
Nolan Allan 0 0 0 -1 0 0 1 4 0 1 0/0 20:26 3:03 1:11
Seamus Casey 0 0 0 1 0 0 0 0 1 1 0/0 15:21 0:00 0:00
Vladislav Kolyachonok 0 0 0 -1 0 0 0 0 0 0 0/0 20:09 3:03 0:34
William Trudeau 0 0 0 1 0 3 0 1 0 1 0/0 16:09 0:00 0:48
Wyatt Kaiser 0 0 0 -3 2 2 3 1 1 1 0/0 23:28 2:54 0:00
Players Stats for Reno Silver Aces
Player Name G A P +/- PIM S H SB GA TA FO MP PP MP PK MP
------------------------------------------------------------------------------------
0 0 0 0 0 0 0 0 0 0 0/0 0:00 0:00 0:00
Charles-Alexis Legault 0 0 0 1 4 0 0 0 0 1 0/0 15:58 0:00 0:21
Cole Koepke 1 2 3 3 0 4 0 1 3 0 1/3 17:21 1:05 2:40
Curtis Lazar 1 2 3 3 0 6 2 0 2 1 13/17 17:08 1:05 2:51
Dylan Duke 0 0 0 0 0 1 2 0 0 0 1/1 11:43 0:00 0:39
Frederic Brunet 0 0 0 1 0 1 2 0 0 0 0/0 18:58 0:52 2:35
Jeremie Poirier 0 0 0 1 0 0 0 3 0 1 0/0 15:12 0:00 0:15
Jordan Oesterle 0 0 0 1 0 0 0 2 0 1 0/0 19:09 1:07 3:18
Kieffer Bellows 0 0 0 0 0 2 1 0 4 0 0/1 10:41 0:00 0:00
Marc-Edouard Vlasic 0 0 0 1 0 0 1 0 0 2 0/0 25:40 0:52 2:17
Matt Nieto 0 0 0 0 0 2 0 0 1 0 1/1 13:22 0:00 0:00
Matt Savoie 0 1 1 0 0 1 1 1 2 0 0/1 14:56 0:54 0:00
Nicolas Deslauriers 0 0 0 0 2 1 0 0 0 0 0/0 11:14 0:07 0:12
Owen Beck 0 0 0 0 0 2 1 0 0 0 3/3 13:29 0:07 0:00
Patrick Brown 1 1 2 3 0 4 4 0 0 0 0/0 16:47 0:47 2:51
Samuel Bolduc 0 0 0 1 0 0 5 0 0 1 0/0 25:33 1:07 3:08
Tanner Laczynski 0 1 1 0 0 1 0 1 0 0 8/15 14:02 0:00 0:00
Vincent Hinostroza 1 0 1 0 0 4 0 0 1 1 2/2 18:16 1:05 2:34
Zachary L'Heureux 0 0 0 0 0 2 3 0 4 0 0/0 14:31 0:47 0:07
3 Stars
1 - Curtis Lazar (RSA)
2 - Cole Koepke (RSA)
3 - Patrick Brown (RSA)
Power Play
Cape Breton Oilers - 0 on 3 Attempt(s) - 0.00%
Reno Silver Aces - 0 on 1 Attempt(s) - 0.00%
Penalty Kill
Cape Breton Oilers - 1 on 1 Attempt(s) - 100.00%
- Score 0 goal in Penalty Kill
Reno Silver Aces - 3 on 3 Attempt(s) - 100.00%
- Score 0 goal in Penalty Kill
Team Stat
Cape Breton Oilers - Hits : 20 - Faceoff Wins : 15 - Blocked Shots : 12 - Penalty Minutes : 2
Reno Silver Aces - Hits : 22 - Faceoff Wins : 29 - Blocked Shots : 8 - Penalty Minutes : 6
Official
Referees : Jean Hebert and Brandon Schrader
Linesman : Unknown
Game Notes
No Game Note
Cape Breton Oilers
5 vs 5 Forward
Center Left Wing Right Wing Time % Phy DF OF
1 Jonny Brodzinski Matt Luff Luke Evangelista 30 1 2 2
2 Dominic Toninato Alexandre Texier Carl Grundstrom 30 1 2 2
3 Colin White Max Jones Maxim Groshev 25 1 2 2
4 Luke Evangelista Brennan Othmann Chase Stillman 15 1 2 2
5 vs 5 Defense
Defense Defense Time % Phy DF OF
1 Kevin Bahl Wyatt Kaiser 30 1 2 2
2 Nolan Allan Vladislav Kolyachonok 30 1 2 2
3 Seamus Casey William Trudeau 25 1 2 2
4 Kevin Bahl Wyatt Kaiser 15 1 2 2
PowerPlay Forward
Center Left Wing Right Wing Time % Phy DF OF
1 Jonny Brodzinski Matt Luff Luke Evangelista 50 1 2 2
2 Dominic Toninato Alexandre Texier Carl Grundstrom 50 1 2 2
PowerPlay Defense
Defense Defense Time % Phy DF OF
1 Kevin Bahl Wyatt Kaiser 50 1 2 2
2 Nolan Allan Vladislav Kolyachonok 50 1 2 2
Penalty Kill 4 Players Forward
Center Wing Time % Phy DF OF
1 Luke Evangelista Jonny Brodzinski 50 1 2 2
2 Dominic Toninato Carl Grundstrom 50 1 2 2
Penalty Kill 4 Players Defense
Defense Defense Time % Phy DF OF
1 Kevin Bahl Wyatt Kaiser 50 1 2 2
2 Nolan Allan Vladislav Kolyachonok 50 1 2 2
Penalty Kill - 3 Players Forward
Forward Time % Phy DF OF
1 Luke Evangelista 50 1 2 2
2 Jonny Brodzinski 50 1 2 2
Penalty Kill - 3 Players Defense
Defense Defense Time % Phy DF OF
1 Kevin Bahl Wyatt Kaiser 50 1 2 2
2 Nolan Allan Vladislav Kolyachonok 50 1 2 2
4 vs 4 Forward
Center Wing Time % Phy DF OF
1 Luke Evangelista Jonny Brodzinski 50 1 2 2
2 Dominic Toninato Carl Grundstrom 50 1 2 2
4 vs 4 Defense
Defense Defense Time % Phy DF OF
1 Kevin Bahl Wyatt Kaiser 50 1 2 2
2 Nolan Allan Vladislav Kolyachonok 50 1 2 2
Last Minutes Offensive
Center Left Wing Right Wing Defense Defense
Jonny Brodzinski Matt Luff Luke Evangelista Kevin Bahl Wyatt Kaiser
Last Minutes Defensive
Center Left Wing Right Wing Defense Defense
Jonny Brodzinski Matt Luff Luke Evangelista Kevin Bahl Wyatt Kaiser
Goaltenders
Starting : Damian Clara
Backup : Jacob Ingham
Extra Forwards
Normal : Josh Bloom, Colin White, Max Jones - PP : Josh Bloom, Colin White - PK : Max Jones
Extra Defensemen
Normal : Seamus Casey, William Trudeau, Nolan Allan - PP : Seamus Casey - PK : William Trudeau, Nolan Allan
Penalty Shots
Luke Evangelista, Jonny Brodzinski, Dominic Toninato, Carl Grundstrom, Matt Luff
Scratches
Michael Benning (Healthy), Jack Peart (Healthy), Hunter Jones (Healthy), Ethan Haider (Healthy), Joel Blomqvist (Healthy)
Reno Silver Aces
5 vs 5 Forward
Center Left Wing Right Wing Time % Phy DF OF
1 Curtis Lazar Patrick Brown Cole Koepke 30 1 2 2
2 Tanner Laczynski Matt Savoie Vincent Hinostroza 30 1 2 2
3 Owen Beck Zachary L'Heureux Matt Nieto 25 1 2 2
4 Dylan Duke Kieffer Bellows Nicolas Deslauriers 15 1 2 2
5 vs 5 Defense
Defense Defense Time % Phy DF OF
1 Marc-Edouard Vlasic Samuel Bolduc 30 1 2 2
2 Jordan Oesterle Frederic Brunet 30 1 2 2
3 Jeremie Poirier Charles-Alexis Legault 25 1 2 2
4 Marc-Edouard Vlasic Samuel Bolduc 15 1 2 2
PowerPlay Forward
Center Left Wing Right Wing Time % Phy DF OF
1 Curtis Lazar Cole Koepke Vincent Hinostroza 50 1 2 2
2 Patrick Brown Zachary L'Heureux Matt Savoie 50 1 2 2
PowerPlay Defense
Defense Defense Time % Phy DF OF
1 Jordan Oesterle Samuel Bolduc 50 1 2 2
2 Marc-Edouard Vlasic Frederic Brunet 50 1 2 2
Penalty Kill 4 Players Forward
Center Wing Time % Phy DF OF
1 Cole Koepke Vincent Hinostroza 50 1 2 2
2 Curtis Lazar Patrick Brown 50 1 2 2
Penalty Kill 4 Players Defense
Defense Defense Time % Phy DF OF
1 Jordan Oesterle Samuel Bolduc 50 1 2 2
2 Marc-Edouard Vlasic Frederic Brunet 50 1 2 2
Penalty Kill - 3 Players Forward
Forward Time % Phy DF OF
1 Cole Koepke 50 1 2 2
2 Vincent Hinostroza 50 1 2 2
Penalty Kill - 3 Players Defense
Defense Defense Time % Phy DF OF
1 Jordan Oesterle Samuel Bolduc 50 1 2 2
2 Marc-Edouard Vlasic Frederic Brunet 50 1 2 2
4 vs 4 Forward
Center Wing Time % Phy DF OF
1 Cole Koepke Vincent Hinostroza 50 1 2 2
2 Curtis Lazar Patrick Brown 50 1 2 2
4 vs 4 Defense
Defense Defense Time % Phy DF OF
1 Jordan Oesterle Samuel Bolduc 50 1 2 2
2 Marc-Edouard Vlasic Frederic Brunet 50 1 2 2
Last Minutes Offensive
Center Left Wing Right Wing Defense Defense
Curtis Lazar Cole Koepke Vincent Hinostroza Jordan Oesterle Samuel Bolduc
Last Minutes Defensive
Center Left Wing Right Wing Defense Defense
Curtis Lazar Cole Koepke Vincent Hinostroza Jordan Oesterle Samuel Bolduc
Goaltenders
Starting : Philipp Grubauer
Backup : Jiri Patera
Extra Forwards
Normal : Owen Beck, Nicolas Deslauriers, Dylan Duke - PP : Owen Beck, Nicolas Deslauriers - PK : Dylan Duke
Extra Defensemen
Normal : Jeremie Poirier, Charles-Alexis Legault, Marc-Edouard Vlasic - PP : Jeremie Poirier - PK : Charles-Alexis Legault, Marc-Edouard Vlasic
Penalty Shots
Cole Koepke, Vincent Hinostroza, Curtis Lazar, Patrick Brown, Zachary L'Heureux
Scratches
William Dufour (Healthy), Jacob Melanson (Healthy), Jagger Firkus (Healthy), Christian Kyrou (Healthy), Nathan Gaucher (Healthy)
Justin Gill (Healthy), Michael Buchinger (Healthy), Casey Fitzgerald (Healthy), Dustin Tokarski (Healthy)
% Time on Ice - Cape Breton Oilers
Lines # - Real PCT - Wanted PCT - Time Play
Normal Forward
1 - 23% - 30% - 11:56
2 - 28% - 30% - 14:36
3 - 29% - 25% - 14:57
4 - 20% - 15% - 10:35
Normal Defense
1 - 28% - 30% - 14:35
2 - 30% - 30% - 15:27
3 - 29% - 25% - 15:21
4 - 13% - 15% - 6:41
PP Forward
1 - 49% - 50% - 2:54
2 - 51% - 50% - 3:03
PP Defense
1 - 49% - 50% - 2:54
2 - 51% - 50% - 3:03
PK Forward
1 - 49% - 50% - 0:58
2 - 51% - 50% - 1:01
PK Defense
1 - 71% - 50% - 1:25
2 - 29% - 50% - 0:34
PK3 Forward
1 - 0% - 50%
2 - 0% - 50%
PK3 Defense
1 - 0% - 50%
2 - 0% - 50%
44 Forward
1 - 0% - 50%
2 - 0% - 50%
44 Defense
1 - 0% - 50%
2 - 0% - 50%
Last Minute Offensive - 0:00
Last Minute Defensive - 0:00
Total
Forward - 60:00
Defense - 60:00
|
% Time on Ice - Reno Silver Aces
Lines # - Real PCT - Wanted PCT - Time Play
Normal Forward
1 - 27% - 30% - 13:59
2 - 27% - 30% - 14:02
3 - 26% - 25% - 13:22
4 - 21% - 15% - 10:41
Normal Defense
1 - 30% - 30% - 15:29
2 - 30% - 30% - 15:39
3 - 28% - 25% - 14:49
4 - 12% - 15% - 6:07
PP Forward
1 - 55% - 50% - 1:05
2 - 45% - 50% - 0:54
PP Defense
1 - 56% - 50% - 1:07
2 - 44% - 50% - 0:52
PK Forward
1 - 49% - 50% - 2:54
2 - 51% - 50% - 3:03
PK Defense
1 - 55% - 50% - 3:18
2 - 45% - 50% - 2:39
PK3 Forward
1 - 0% - 50%
2 - 0% - 50%
PK3 Defense
1 - 0% - 50%
2 - 0% - 50%
44 Forward
1 - 0% - 50%
2 - 0% - 50%
44 Defense
1 - 0% - 50%
2 - 0% - 50%
Last Minute Offensive - 0:00
Last Minute Defensive - 0:00
Total
Forward - 60:00
Defense - 60:00
|
Play-by-Play
1st period
0:01 of 1st period - Luke Evangelista wins face-off versus Curtis Lazar in neutral zone.
1:10 of 1st period - Snap shot by Brennan Othmann.
1:10 of 1st period - Shot Misses the Net.
1:38 of 1st period - Snap shot by Cole Koepke.
1:38 of 1st period - Stopped by Damian Clara without a rebound.
1:39 of 1st period - Tanner Laczynski wins face-off versus Jonny Brodzinski in Cape Breton Oilers zone.
1:54 of 1st period - Wrist shot by Tanner Laczynski.
1:54 of 1st period - Shot Misses the Net.
2:23 of 1st period - Curtis Lazar is hit by Carl Grundstrom and loses puck.
2:30 of 1st period - Alexandre Texier is hit by Curtis Lazar and loses puck.
2:54 of 1st period - Seamus Casey is hit by Samuel Bolduc and loses puck.
3:01 of 1st period - Wyatt Kaiser is hit by Samuel Bolduc and loses puck.
3:20 of 1st period - Samuel Bolduc is hit by Luke Evangelista and loses puck.
3:27 of 1st period - Wrist shot by Luke Evangelista.
3:27 of 1st period - Shot Misses the Net.
3:53 of 1st period - Icing by Kieffer Bellows.
3:54 of 1st period - Colin White wins face-off versus Kieffer Bellows in Reno Silver Aces zone.
4:01 of 1st period - Snap shot by Max Jones.
4:01 of 1st period - Stopped by Philipp Grubauer with a rebound.
4:17 of 1st period - Snap shot by Kieffer Bellows.
4:17 of 1st period - Stopped by Damian Clara with a rebound.
4:19 of 1st period - Wrist shot by Dylan Duke.
4:19 of 1st period - Shot Misses the Net.
4:21 of 1st period - Wrist shot by Kieffer Bellows.
4:21 of 1st period - Stopped by Damian Clara without a rebound.
4:22 of 1st period - Dominic Toninato wins face-off versus Tanner Laczynski in Cape Breton Oilers zone.
4:29 of 1st period - Jordan Oesterle is hit by Carl Grundstrom and loses puck.
5:01 of 1st period - Matt Luff is hit by Patrick Brown and loses puck.
5:08 of 1st period - Backhand shot by Curtis Lazar.
5:08 of 1st period - Shot Blocked by Kevin Bahl.
5:10 of 1st period - Wrist shot by Curtis Lazar.
5:10 of 1st period - Stopped by Damian Clara without a rebound.
5:11 of 1st period - Dominic Toninato wins face-off versus Tanner Laczynski in Cape Breton Oilers zone.
5:26 of 1st period - Alexandre Texier is hit by Samuel Bolduc and loses puck.
5:58 of 1st period - Slapshot by Jonny Brodzinski.
5:58 of 1st period - Deflect By Patrick Brown.
5:58 of 1st period - Shot Misses the Net.
5:58 of 1st period - Puck is out of play.
5:59 of 1st period - Jonny Brodzinski wins face-off versus Curtis Lazar in Reno Silver Aces zone.
6:11 of 1st period - Wrist shot by Jonny Brodzinski.
6:11 of 1st period - Shot Misses the Net.
6:25 of 1st period - Snap shot by Vincent Hinostroza.
6:25 of 1st period - Shot Blocked by Nolan Allan.
6:27 of 1st period - Snap shot by Tanner Laczynski.
6:27 of 1st period - Shot Misses the Net.
6:29 of 1st period - Slapshot by Charles-Alexis Legault.
6:29 of 1st period - Shot Blocked by Nolan Allan.
6:31 of 1st period - Wrist shot by Matt Savoie.
6:31 of 1st period - Shot Blocked by Nolan Allan.
6:47 of 1st period - Snap shot by Max Jones.
6:47 of 1st period - Shot Misses the Net.
7:01 of 1st period - Nolan Allan is hit by Samuel Bolduc and loses puck.
7:13 of 1st period - Slapshot by Dylan Duke.
7:13 of 1st period - Stopped by Damian Clara without a rebound.
7:14 of 1st period - Curtis Lazar wins face-off versus Jonny Brodzinski in Cape Breton Oilers zone.
7:17 of 1st period - Snap shot by Patrick Brown.
7:17 of 1st period - Shot Misses the Net.
8:13 of 1st period - Slapshot by Matt Nieto.
8:13 of 1st period - Shot Misses the Net.
8:15 of 1st period - Wrist shot by Owen Beck.
8:15 of 1st period - Stopped by Damian Clara without a rebound.
8:16 of 1st period - Curtis Lazar wins face-off versus Colin White in Cape Breton Oilers zone.
9:08 of 1st period - Snap shot by Matt Nieto.
9:08 of 1st period - Deflect By Alexandre Texier.
9:08 of 1st period - Stopped by Damian Clara with a rebound.
9:10 of 1st period - Slapshot by Matt Nieto.
9:10 of 1st period - Shot Blocked by Alexandre Texier.
9:12 of 1st period - Snap shot by Zachary L'Heureux.
9:12 of 1st period - Shot Blocked by William Trudeau.
10:01 of 1st period - Jeremie Poirier is hit by Carl Grundstrom and loses puck.
10:16 of 1st period - Slapshot by Alexandre Texier.
10:16 of 1st period - Stopped by Philipp Grubauer with a rebound.
10:18 of 1st period - Wrist shot by Alexandre Texier.
10:18 of 1st period - Shot Misses the Net.
10:20 of 1st period - Slapshot by Dominic Toninato.
10:20 of 1st period - Stopped by Philipp Grubauer with a rebound.
10:22 of 1st period - Slapshot by William Trudeau.
10:22 of 1st period - Stopped by Philipp Grubauer with a rebound.
10:24 of 1st period - Slapshot by Carl Grundstrom.
10:24 of 1st period - Deflect By Curtis Lazar.
10:24 of 1st period - Shot Misses the Net.
10:24 of 1st period - Puck is out of play.
10:25 of 1st period - Jonny Brodzinski wins face-off versus Tanner Laczynski in Reno Silver Aces zone.
10:30 of 1st period - Slapshot by Jonny Brodzinski.
10:30 of 1st period - Shot Blocked by Matt Savoie.
10:40 of 1st period - Marc-Edouard Vlasic is hit by Luke Evangelista and loses puck.
11:15 of 1st period - Wrist shot by Brennan Othmann.
11:15 of 1st period - Shot Misses the Net.
11:17 of 1st period - Wrist shot by Luke Evangelista.
11:17 of 1st period - Shot Blocked by Jordan Oesterle.
11:19 of 1st period - Wrist shot by Luke Evangelista.
11:19 of 1st period - Stopped by Philipp Grubauer without a rebound.
11:20 of 1st period - Tanner Laczynski wins face-off versus Luke Evangelista in Reno Silver Aces zone.
11:42 of 1st period - Off-side.
11:43 of 1st period - Owen Beck wins face-off versus Colin White in neutral zone.
11:59 of 1st period - Snap shot by Wyatt Kaiser.
11:59 of 1st period - Deflect By Max Jones.
11:59 of 1st period - Stopped by Philipp Grubauer with a rebound.
12:29 of 1st period - Wrist shot by Colin White.
12:29 of 1st period - Deflect By Max Jones.
12:29 of 1st period - Stopped by Philipp Grubauer with a rebound.
12:31 of 1st period - Backhand shot by Max Jones.
12:31 of 1st period - Stopped by Philipp Grubauer without a rebound.
12:32 of 1st period - Curtis Lazar wins face-off versus Jonny Brodzinski in Reno Silver Aces zone.
12:41 of 1st period - Snap shot by Cole Koepke.
12:41 of 1st period - Shot Blocked by Matt Luff.
12:43 of 1st period - Wrist shot by Patrick Brown.
12:43 of 1st period - Shot Misses the Net.
12:45 of 1st period - Snap shot by Cole Koepke.
12:45 of 1st period - Shot Misses the Net.
12:47 of 1st period - Snap shot by Curtis Lazar.
12:47 of 1st period - Goal by Curtis Lazar - Cape Breton Oilers : 0 - Reno Silver Aces : 1.
12:48 of 1st period - Curtis Lazar wins face-off versus Jonny Brodzinski in neutral zone.
12:53 of 1st period - Snap shot by Cole Koepke.
12:53 of 1st period - Goal by Cole Koepke - Cape Breton Oilers : 0 - Reno Silver Aces : 2.
12:54 of 1st period - Matt Nieto wins face-off versus Jonny Brodzinski in neutral zone.
13:09 of 1st period - Backhand shot by Luke Evangelista.
13:09 of 1st period - Stopped by Philipp Grubauer without a rebound.
13:10 of 1st period - Tanner Laczynski wins face-off versus Dominic Toninato in Reno Silver Aces zone.
13:44 of 1st period - Wrist shot by Cole Koepke.
13:44 of 1st period - Stopped by Damian Clara with a rebound.
13:46 of 1st period - Snap shot by Jordan Oesterle.
13:46 of 1st period - Shot Blocked by Kevin Bahl.
14:24 of 1st period - Snap shot by Luke Evangelista.
14:24 of 1st period - Stopped by Philipp Grubauer with a rebound.
14:26 of 1st period - Snap shot by Luke Evangelista.
14:26 of 1st period - Shot Misses the Net.
17:17 of 1st period - Max Jones is hit by Patrick Brown and loses puck.
17:30 of 1st period - Matt Nieto is hit by Alexandre Texier.
17:52 of 1st period - Jonny Brodzinski is hit by Samuel Bolduc and loses puck.
18:45 of 1st period - Patrick Brown is hit by Wyatt Kaiser and loses puck.
19:32 of 1st period - Minor Penalty to Charles-Alexis Legault for Roughing.
19:33 of 1st period - Dominic Toninato wins face-off versus Cole Koepke in Reno Silver Aces zone.
19:46 of 1st period - Patrick Brown is hit by Carl Grundstrom and loses puck.
Goals for this period are 0 for Cape Breton Oilers vs 2 for Reno Silver Aces.
Shots for this period are 10 for Cape Breton Oilers vs 10 for Reno Silver Aces.
2nd period
0:01 of 2nd period - Cole Koepke wins face-off versus Luke Evangelista in neutral zone.
1:32 of 2nd period - Penalty to Charles-Alexis Legault is over, Charles-Alexis Legault is back on ice.
2:07 of 2nd period - Colin White is hit by Zachary L'Heureux and loses puck.
2:25 of 2nd period - Minor Penalty to Charles-Alexis Legault for Tripping.
2:26 of 2nd period - Curtis Lazar wins face-off versus Dominic Toninato in Reno Silver Aces zone.
2:41 of 2nd period - Wrist shot by Patrick Brown.
2:41 of 2nd period - Shot Misses the Net.
2:59 of 2nd period - Snap shot by Jonny Brodzinski.
2:59 of 2nd period - Shot Misses the Net.
3:01 of 2nd period - Snap shot by Matt Luff.
3:01 of 2nd period - Deflect By Jonny Brodzinski.
3:01 of 2nd period - Stopped by Philipp Grubauer with a rebound.
3:55 of 2nd period - Dominic Toninato is hit by Dylan Duke and loses puck.
4:25 of 2nd period - Penalty to Charles-Alexis Legault is over, Charles-Alexis Legault is back on ice.
4:42 of 2nd period - Slapshot by Colin White.
4:42 of 2nd period - Shot Blocked by Jeremie Poirier.
4:44 of 2nd period - Slapshot by Kevin Bahl.
4:44 of 2nd period - Stopped by Philipp Grubauer with a rebound.
4:46 of 2nd period - Slapshot by Colin White.
4:46 of 2nd period - Stopped by Philipp Grubauer with a rebound.
4:48 of 2nd period - Snap shot by Kevin Bahl.
4:48 of 2nd period - Deflect By Jeremie Poirier.
4:48 of 2nd period - Stopped by Philipp Grubauer with a rebound.
5:11 of 2nd period - Jeremie Poirier is hit by Chase Stillman and loses puck.
7:09 of 2nd period - Vladislav Kolyachonok is hit by Zachary L'Heureux and loses puck.
7:23 of 2nd period - Icing by Owen Beck.
7:24 of 2nd period - Jonny Brodzinski wins face-off versus Tanner Laczynski in Reno Silver Aces zone.
7:29 of 2nd period - Wrist shot by Luke Evangelista.
7:29 of 2nd period - Stopped by Philipp Grubauer with a rebound.
7:31 of 2nd period - Slapshot by Matt Luff.
7:31 of 2nd period - Goal by Matt Luff - Cape Breton Oilers : 1 - Reno Silver Aces : 2.
7:32 of 2nd period - Vincent Hinostroza wins face-off versus Jonny Brodzinski in neutral zone.
8:06 of 2nd period - Snap shot by Curtis Lazar.
8:06 of 2nd period - Stopped by Damian Clara with a rebound.
8:08 of 2nd period - Slapshot by Marc-Edouard Vlasic.
8:08 of 2nd period - Shot Blocked by Wyatt Kaiser.
8:22 of 2nd period - Wrist shot by Max Jones.
8:22 of 2nd period - Shot Misses the Net.
8:24 of 2nd period - Snap shot by Colin White.
8:24 of 2nd period - Shot Misses the Net.
8:50 of 2nd period - Snap shot by Luke Evangelista.
8:50 of 2nd period - Shot Misses the Net.
9:02 of 2nd period - Slapshot by Matt Nieto.
9:02 of 2nd period - Stopped by Damian Clara without a rebound.
9:03 of 2nd period - Tanner Laczynski wins face-off versus Jonny Brodzinski in Cape Breton Oilers zone.
9:11 of 2nd period - Off-side.
9:12 of 2nd period - Alexandre Texier wins face-off versus Tanner Laczynski in neutral zone.
9:51 of 2nd period - Slapshot by Patrick Brown.
9:51 of 2nd period - Shot Blocked by Colin White.
10:23 of 2nd period - Slapshot by Alexandre Texier.
10:23 of 2nd period - Stopped by Philipp Grubauer with a rebound.
10:29 of 2nd period - Snap shot by Dominic Toninato.
10:29 of 2nd period - Shot Misses the Net.
10:39 of 2nd period - Slapshot by Luke Evangelista.
10:39 of 2nd period - Stopped by Philipp Grubauer with a rebound.
11:03 of 2nd period - Snap shot by Matt Savoie.
11:03 of 2nd period - Deflect By Vincent Hinostroza.
11:03 of 2nd period - Deflect By Vladislav Kolyachonok.
11:03 of 2nd period - Stopped by Damian Clara with a rebound.
11:09 of 2nd period - Jeremie Poirier is hit by Colin White and loses puck.
11:20 of 2nd period - Slapshot by Luke Evangelista.
11:20 of 2nd period - Shot Blocked by Tanner Laczynski.
11:22 of 2nd period - Slapshot by Wyatt Kaiser.
11:22 of 2nd period - Stopped by Philipp Grubauer with a rebound.
11:24 of 2nd period - Slapshot by Luke Evangelista.
11:24 of 2nd period - Stopped by Philipp Grubauer with a rebound.
11:26 of 2nd period - Snap shot by Luke Evangelista.
11:26 of 2nd period - Shot Blocked by Jeremie Poirier.
11:38 of 2nd period - Patrick Brown is hit by Dominic Toninato and loses puck.
12:18 of 2nd period - Snap shot by Matt Nieto.
12:18 of 2nd period - Shot Misses the Net.
13:07 of 2nd period - Seamus Casey is hit by Curtis Lazar and loses puck.
13:40 of 2nd period - Snap shot by Colin White.
13:40 of 2nd period - Shot Blocked by Jordan Oesterle.
13:42 of 2nd period - Snap shot by William Trudeau.
13:42 of 2nd period - Stopped by Philipp Grubauer without a rebound.
13:43 of 2nd period - Tanner Laczynski wins face-off versus Colin White in Reno Silver Aces zone.
13:48 of 2nd period - Slapshot by Max Jones.
13:48 of 2nd period - Shot Hit the Post.
13:50 of 2nd period - Snap shot by Maxim Groshev.
13:50 of 2nd period - Stopped by Philipp Grubauer with a rebound.
13:52 of 2nd period - Snap shot by Max Jones.
13:52 of 2nd period - Stopped by Philipp Grubauer with a rebound.
13:54 of 2nd period - Slapshot by Wyatt Kaiser.
13:54 of 2nd period - Stopped by Philipp Grubauer with a rebound.
13:56 of 2nd period - Slapshot by Max Jones.
13:56 of 2nd period - Shot Misses the Net.
14:31 of 2nd period - Wrist shot by Jonny Brodzinski.
14:31 of 2nd period - Stopped by Philipp Grubauer without a rebound.
14:32 of 2nd period - Dominic Toninato wins face-off versus Tanner Laczynski in Reno Silver Aces zone.
14:43 of 2nd period - Slapshot by Alexandre Texier.
14:43 of 2nd period - Stopped by Philipp Grubauer without a rebound.
14:44 of 2nd period - Curtis Lazar wins face-off versus Jonny Brodzinski in Reno Silver Aces zone.
16:11 of 2nd period - Patrick Brown is hit by Nolan Allan and loses puck.
18:16 of 2nd period - Snap shot by Luke Evangelista.
18:16 of 2nd period - Shot Misses the Net.
18:32 of 2nd period - Seamus Casey is hit by Owen Beck.
Goals for this period are 1 for Cape Breton Oilers vs 0 for Reno Silver Aces.
Shots for this period are 16 for Cape Breton Oilers vs 3 for Reno Silver Aces.
3rd period
0:01 of 3rd period - Curtis Lazar wins face-off versus Jonny Brodzinski in neutral zone.
0:08 of 3rd period - Snap shot by Curtis Lazar.
0:08 of 3rd period - Stopped by Damian Clara without a rebound.
0:09 of 3rd period - Curtis Lazar wins face-off versus Jonny Brodzinski in Cape Breton Oilers zone.
0:10 of 3rd period - Wrist shot by Patrick Brown.
0:10 of 3rd period - Stopped by Damian Clara without a rebound.
0:11 of 3rd period - Tanner Laczynski wins face-off versus Jonny Brodzinski in Cape Breton Oilers zone.
0:16 of 3rd period - Wrist shot by Vincent Hinostroza.
0:16 of 3rd period - Goal by Vincent Hinostroza - Cape Breton Oilers : 1 - Reno Silver Aces : 3.
0:17 of 3rd period - Jonny Brodzinski wins face-off versus Curtis Lazar in neutral zone.
0:20 of 3rd period - Snap shot by Matt Luff.
0:20 of 3rd period - Deflect By Jonny Brodzinski.
0:20 of 3rd period - Shot Misses the Net.
0:20 of 3rd period - Puck is out of play.
0:21 of 3rd period - Curtis Lazar wins face-off versus Jonny Brodzinski in Reno Silver Aces zone.
0:35 of 3rd period - Slapshot by Kevin Bahl.
0:35 of 3rd period - Stopped by Philipp Grubauer with a rebound.
0:37 of 3rd period - Slapshot by Wyatt Kaiser.
0:37 of 3rd period - Shot Blocked by Cole Koepke.
1:11 of 3rd period - Vladislav Kolyachonok is hit by Zachary L'Heureux and loses puck.
1:38 of 3rd period - Snap shot by Nicolas Deslauriers.
1:38 of 3rd period - Stopped by Damian Clara without a rebound.
1:39 of 3rd period - Tanner Laczynski wins face-off versus Dominic Toninato in Cape Breton Oilers zone.
1:40 of 3rd period - Snap shot by Matt Savoie.
1:40 of 3rd period - Shot Misses the Net.
1:42 of 3rd period - Snap shot by Tanner Laczynski.
1:42 of 3rd period - Stopped by Damian Clara with a rebound.
1:44 of 3rd period - Slapshot by Frederic Brunet.
1:44 of 3rd period - Deflect By Carl Grundstrom.
1:44 of 3rd period - Stopped by Damian Clara without a rebound.
1:45 of 3rd period - Dominic Toninato wins face-off versus Tanner Laczynski in Cape Breton Oilers zone.
2:12 of 3rd period - Patrick Brown is hit by Jonny Brodzinski and loses puck.
2:53 of 3rd period - Nicolas Deslauriers is hit by Carl Grundstrom and loses puck.
3:20 of 3rd period - Vladislav Kolyachonok is hit by Marc-Edouard Vlasic and loses puck.
3:27 of 3rd period - Vincent Hinostroza is hit by Luke Evangelista and loses puck.
3:45 of 3rd period - Slapshot by Vincent Hinostroza.
3:45 of 3rd period - Shot Blocked by Nolan Allan.
3:47 of 3rd period - Slapshot by Tanner Laczynski.
3:47 of 3rd period - Shot Misses the Net.
3:49 of 3rd period - Slapshot by Marc-Edouard Vlasic.
3:49 of 3rd period - Shot Misses the Net.
3:51 of 3rd period - Slapshot by Samuel Bolduc.
3:51 of 3rd period - Deflect By Vincent Hinostroza.
3:51 of 3rd period - Stopped by Damian Clara without a rebound.
3:52 of 3rd period - Curtis Lazar wins face-off versus Alexandre Texier in Cape Breton Oilers zone.
3:53 of 3rd period - Wrist shot by Cole Koepke.
3:53 of 3rd period - Shot Misses the Net.
3:55 of 3rd period - Wrist shot by Curtis Lazar.
3:55 of 3rd period - Stopped by Damian Clara with a rebound.
3:57 of 3rd period - Slapshot by Patrick Brown.
3:57 of 3rd period - Goal by Patrick Brown - Cape Breton Oilers : 1 - Reno Silver Aces : 4.
3:58 of 3rd period - Dominic Toninato wins face-off versus Curtis Lazar in neutral zone.
4:55 of 3rd period - Wrist shot by Owen Beck.
4:55 of 3rd period - Stopped by Damian Clara with a rebound.
5:37 of 3rd period - Snap shot by Patrick Brown.
5:37 of 3rd period - Stopped by Damian Clara without a rebound.
5:38 of 3rd period - Tanner Laczynski wins face-off versus Colin White in Cape Breton Oilers zone.
5:43 of 3rd period - Wrist shot by Vincent Hinostroza.
5:43 of 3rd period - Stopped by Damian Clara with a rebound.
5:45 of 3rd period - Minor Penalty to Wyatt Kaiser for Tripping.
5:46 of 3rd period - Curtis Lazar wins face-off versus Luke Evangelista in Cape Breton Oilers zone.
5:57 of 3rd period - Snap shot by Vincent Hinostroza.
5:57 of 3rd period - Shot Misses the Net.
6:06 of 3rd period - Cole Koepke is hit by Luke Evangelista.
6:20 of 3rd period - Slapshot by Vincent Hinostroza.
6:20 of 3rd period - Shot Blocked by Kevin Bahl.
7:45 of 3rd period - Penalty to Wyatt Kaiser is over, Wyatt Kaiser is back on ice.
8:40 of 3rd period - Snap shot by Matt Luff.
8:40 of 3rd period - Deflect By Jonny Brodzinski.
8:40 of 3rd period - Stopped by Philipp Grubauer with a rebound.
8:50 of 3rd period - Vladislav Kolyachonok is hit by Matt Savoie.
9:18 of 3rd period - Wyatt Kaiser is hit by Patrick Brown.
9:22 of 3rd period - Matt Luff is hit by Frederic Brunet and loses puck.
10:30 of 3rd period - Patrick Brown is hit by Colin White and loses puck.
10:37 of 3rd period - Cole Koepke is hit by Maxim Groshev and loses puck.
11:15 of 3rd period - Seamus Casey is hit by Kieffer Bellows and loses puck.
11:32 of 3rd period - Snap shot by Seamus Casey.
11:32 of 3rd period - Shot Misses the Net.
11:36 of 3rd period - Slapshot by Brennan Othmann.
11:36 of 3rd period - Deflect By Chase Stillman.
11:36 of 3rd period - Shot Misses the Net.
11:36 of 3rd period - Puck is out of play.
11:37 of 3rd period - Colin White wins face-off versus Matt Savoie in Reno Silver Aces zone.
12:02 of 3rd period - Alexandre Texier is hit by Frederic Brunet and loses puck.
12:07 of 3rd period - Snap shot by Dylan Duke.
12:07 of 3rd period - Shot Misses the Net.
12:21 of 3rd period - Snap shot by Luke Evangelista.
12:21 of 3rd period - Stopped by Philipp Grubauer with a rebound.
12:45 of 3rd period - Icing by Jeremie Poirier.
12:46 of 3rd period - Owen Beck wins face-off versus Alexandre Texier in Reno Silver Aces zone.
12:53 of 3rd period - Slapshot by Zachary L'Heureux.
12:53 of 3rd period - Stopped by Damian Clara without a rebound.
12:54 of 3rd period - Curtis Lazar wins face-off versus Dominic Toninato in Cape Breton Oilers zone.
13:07 of 3rd period - Snap shot by Cole Koepke.
13:07 of 3rd period - Stopped by Damian Clara without a rebound.
13:08 of 3rd period - Vincent Hinostroza wins face-off versus Jonny Brodzinski in Cape Breton Oilers zone.
13:36 of 3rd period - Wrist shot by Matt Savoie.
13:36 of 3rd period - Stopped by Damian Clara with a rebound.
13:40 of 3rd period - Snap shot by Curtis Lazar.
13:40 of 3rd period - Stopped by Damian Clara with a rebound.
13:42 of 3rd period - Snap shot by Patrick Brown.
13:42 of 3rd period - Stopped by Damian Clara with a rebound.
13:50 of 3rd period - Carl Grundstrom is hit by Patrick Brown and loses puck.
14:06 of 3rd period - Snap shot by Maxim Groshev.
14:06 of 3rd period - Deflect By Colin White.
14:06 of 3rd period - Deflect By Owen Beck.
14:06 of 3rd period - Stopped by Philipp Grubauer with a rebound.
14:08 of 3rd period - Snap shot by Max Jones.
14:08 of 3rd period - Shot Misses the Net.
14:10 of 3rd period - Slapshot by Kevin Bahl.
14:10 of 3rd period - Shot Misses the Net.
14:12 of 3rd period - Snap shot by Wyatt Kaiser.
14:12 of 3rd period - Shot Blocked by Jeremie Poirier.
14:22 of 3rd period - Backhand shot by Luke Evangelista.
14:22 of 3rd period - Shot Misses the Net.
14:34 of 3rd period - Slapshot by Owen Beck.
14:34 of 3rd period - Shot Misses the Net.
14:36 of 3rd period - Wrist shot by Zachary L'Heureux.
14:36 of 3rd period - Shot Misses the Net.
15:10 of 3rd period - Snap shot by Zachary L'Heureux.
15:10 of 3rd period - Stopped by Damian Clara without a rebound.
15:11 of 3rd period - Curtis Lazar wins face-off versus Dominic Toninato in Cape Breton Oilers zone.
15:24 of 3rd period - Backhand shot by Alexandre Texier.
15:24 of 3rd period - Stopped by Philipp Grubauer with a rebound.
15:26 of 3rd period - Snap shot by William Trudeau.
15:26 of 3rd period - Stopped by Philipp Grubauer with a rebound.
16:11 of 3rd period - Minor Penalty to Nicolas Deslauriers for Holding.
16:12 of 3rd period - Dominic Toninato wins face-off versus Cole Koepke in Reno Silver Aces zone.
16:38 of 3rd period - Vincent Hinostroza is hit by Wyatt Kaiser and loses puck.
16:47 of 3rd period - Snap shot by Matt Luff.
16:47 of 3rd period - Shot Misses the Net.
18:10 of 3rd period - Nolan Allan is hit by Dylan Duke and loses puck.
18:11 of 3rd period - Penalty to Nicolas Deslauriers is over, Nicolas Deslauriers is back on ice.
18:28 of 3rd period - Off-side.
18:29 of 3rd period - Owen Beck wins face-off versus Luke Evangelista in neutral zone.
19:11 of 3rd period - Icing by Dylan Duke.
19:12 of 3rd period - Dylan Duke wins face-off versus Dominic Toninato in Reno Silver Aces zone.
19:12 of 3rd period - Dylan Duke is hit by Wyatt Kaiser.
Goals for this period are 0 for Cape Breton Oilers vs 2 for Reno Silver Aces.
Shots for this period are 6 for Cape Breton Oilers vs 18 for Reno Silver Aces.
Back to the Top